Workbook

Sheet Budget
A1: Budget familiare
A2: Anno | B2: 2026
A3: Mesi con movimenti | B3: =SUMPRODUCT(--((C17:N17<>0)+(C18:N18<>0)>0))
A4: Scrivi nella colonna B quanto prevedi al mese. Gli importi reali arrivano dal foglio Movimenti: una riga per ogni pagamento.
A6: Categoria | B6: Previsto al mese | C6: gen | D6: feb | E6: mar | F6: apr | G6: mag | H6: giu | I6: lug | J6: ago | K6: set | L6: ott | M6: nov | N6: dic | O6: Reale, anno | P6: Previsto finora | Q6: Differenza
A7: Entrate
A8: Stipendio | B8: 6200 | C8: =SUMIFS('Movimenti'!$D$2:$D$500,'Movimenti'!$C$2:$C$500,$A8,'Movimenti'!$A$2:$A$500,">="&DATE($B$2,1,1),'Movimenti'!$A$2:$A$500,"<"&DATE($B$2,1+1,1)) | D8: =SUMIFS('Movimenti'!$D$2:$D$500,'Movimenti'!$C$2:$C$500,$A8,'Movimenti'!$A$2:$A$500,">="&DATE($B$2,2,1),'Movimenti'!$A$2:$A$500,"<"&DATE($B$2,2+1,1)) | E8: =SUMIFS('Movimenti'!$D$2:$D$500,'Movimenti'!$C$2:$C$500,$A8,'Movimenti'!$A$2:$A$500,">="&DATE($B$2,3,1),'Movimenti'!$A$2:$A$500,"<"&DATE($B$2,3+1,1)) | F8: =SUMIFS('Movimenti'!$D$2:$D$500,'Movimenti'!$C$2:$C$500,$A8,'Movimenti'!$A$2:$A$500,">="&DATE($B$2,4,1),'Movimenti'!$A$2:$A$500,"<"&DATE($B$2,4+1,1)) | G8: =SUMIFS('Movimenti'!$D$2:$D$500,'Movimenti'!$C$2:$C$500,$A8,'Movimenti'!$A$2:$A$500,">="&DATE($B$2,5,1),'Movimenti'!$A$2:$A$500,"<"&DATE($B$2,5+1,1)) | H8: =SUMIFS('Movimenti'!$D$2:$D$500,'Movimenti'!$C$2:$C$500,$A8,'Movimenti'!$A$2:$A$500,">="&DATE($B$2,6,1),'Movimenti'!$A$2:$A$500,"<"&DATE($B$2,6+1,1)) | I8: =SUMIFS('Movimenti'!$D$2:$D$500,'Movimenti'!$C$2:$C$500,$A8,'Movimenti'!$A$2:$A$500,">="&DATE($B$2,7,1),'Movimenti'!$A$2:$A$500,"<"&DATE($B$2,7+1,1)) | J8: =SUMIFS('Movimenti'!$D$2:$D$500,'Movimenti'!$C$2:$C$500,$A8,'Movimenti'!$A$2:$A$500,">="&DATE($B$2,8,1),'Movimenti'!$A$2:$A$500,"<"&DATE($B$2,8+1,1)) | K8: =SUMIFS('Movimenti'!$D$2:$D$500,'Movimenti'!$C$2:$C$500,$A8,'Movimenti'!$A$2:$A$500,">="&DATE($B$2,9,1),'Movimenti'!$A$2:$A$500,"<"&DATE($B$2,9+1,1)) | L8: =SUMIFS('Movimenti'!$D$2:$D$500,'Movimenti'!$C$2:$C$500,$A8,'Movimenti'!$A$2:$A$500,">="&DATE($B$2,10,1),'Movimenti'!$A$2:$A$500,"<"&DATE($B$2,10+1,1)) | M8: =SUMIFS('Movimenti'!$D$2:$D$500,'Movimenti'!$C$2:$C$500,$A8,'Movimenti'!$A$2:$A$500,">="&DATE($B$2,11,1),'Movimenti'!$A$2:$A$500,"<"&DATE($B$2,11+1,1)) | N8: =SUMIFS('Movimenti'!$D$2:$D$500,'Movimenti'!$C$2:$C$500,$A8,'Movimenti'!$A$2:$A$500,">="&DATE($B$2,12,1),'Movimenti'!$A$2:$A$500,"<"&DATE($B$2,12+1,1)) | O8: =SUM(C8:N8) | P8: =B8*$B$3 | Q8: =O8-P8
A9: Spese
A10: Casa | B10: 1850 | C10: =-SUMIFS('Movimenti'!$D$2:$D$500,'Movimenti'!$C$2:$C$500,$A10,'Movimenti'!$A$2:$A$500,">="&DATE($B$2,1,1),'Movimenti'!$A$2:$A$500,"<"&DATE($B$2,1+1,1)) | D10: =-SUMIFS('Movimenti'!$D$2:$D$500,'Movimenti'!$C$2:$C$500,$A10,'Movimenti'!$A$2:$A$500,">="&DATE($B$2,2,1),'Movimenti'!$A$2:$A$500,"<"&DATE($B$2,2+1,1)) | E10: =-SUMIFS('Movimenti'!$D$2:$D$500,'Movimenti'!$C$2:$C$500,$A10,'Movimenti'!$A$2:$A$500,">="&DATE($B$2,3,1),'Movimenti'!$A$2:$A$500,"<"&DATE($B$2,3+1,1)) | F10: =-SUMIFS('Movimenti'!$D$2:$D$500,'Movimenti'!$C$2:$C$500,$A10,'Movimenti'!$A$2:$A$500,">="&DATE($B$2,4,1),'Movimenti'!$A$2:$A$500,"<"&DATE($B$2,4+1,1)) | G10: =-SUMIFS('Movimenti'!$D$2:$D$500,'Movimenti'!$C$2:$C$500,$A10,'Movimenti'!$A$2:$A$500,">="&DATE($B$2,5,1),'Movimenti'!$A$2:$A$500,"<"&DATE($B$2,5+1,1)) | H10: =-SUMIFS('Movimenti'!$D$2:$D$500,'Movimenti'!$C$2:$C$500,$A10,'Movimenti'!$A$2:$A$500,">="&DATE($B$2,6,1),'Movimenti'!$A$2:$A$500,"<"&DATE($B$2,6+1,1)) | I10: =-SUMIFS('Movimenti'!$D$2:$D$500,'Movimenti'!$C$2:$C$500,$A10,'Movimenti'!$A$2:$A$500,">="&DATE($B$2,7,1),'Movimenti'!$A$2:$A$500,"<"&DATE($B$2,7+1,1)) | J10: =-SUMIFS('Movimenti'!$D$2:$D$500,'Movimenti'!$C$2:$C$500,$A10,'Movimenti'!$A$2:$A$500,">="&DATE($B$2,8,1),'Movimenti'!$A$2:$A$500,"<"&DATE($B$2,8+1,1)) | K10: =-SUMIFS('Movimenti'!$D$2:$D$500,'Movimenti'!$C$2:$C$500,$A10,'Movimenti'!$A$2:$A$500,">="&DATE($B$2,9,1),'Movimenti'!$A$2:$A$500,"<"&DATE($B$2,9+1,1)) | L10: =-SUMIFS('Movimenti'!$D$2:$D$500,'Movimenti'!$C$2:$C$500,$A10,'Movimenti'!$A$2:$A$500,">="&DATE($B$2,10,1),'Movimenti'!$A$2:$A$500,"<"&DATE($B$2,10+1,1)) | M10: =-SUMIFS('Movimenti'!$D$2:$D$500,'Movimenti'!$C$2:$C$500,$A10,'Movimenti'!$A$2:$A$500,">="&DATE($B$2,11,1),'Movimenti'!$A$2:$A$500,"<"&DATE($B$2,11+1,1)) | N10: =-SUMIFS('Movimenti'!$D$2:$D$500,'Movimenti'!$C$2:$C$500,$A10,'Movimenti'!$A$2:$A$500,">="&DATE($B$2,12,1),'Movimenti'!$A$2:$A$500,"<"&DATE($B$2,12+1,1)) | O10: =SUM(C10:N10) | P10: =B10*$B$3 | Q10: =P10-O10
A11: Salute | B11: 550 | C11: =-SUMIFS('Movimenti'!$D$2:$D$500,'Movimenti'!$C$2:$C$500,$A11,'Movimenti'!$A$2:$A$500,">="&DATE($B$2,1,1),'Movimenti'!$A$2:$A$500,"<"&DATE($B$2,1+1,1)) | D11: =-SUMIFS('Movimenti'!$D$2:$D$500,'Movimenti'!$C$2:$C$500,$A11,'Movimenti'!$A$2:$A$500,">="&DATE($B$2,2,1),'Movimenti'!$A$2:$A$500,"<"&DATE($B$2,2+1,1)) | E11: =-SUMIFS('Movimenti'!$D$2:$D$500,'Movimenti'!$C$2:$C$500,$A11,'Movimenti'!$A$2:$A$500,">="&DATE($B$2,3,1),'Movimenti'!$A$2:$A$500,"<"&DATE($B$2,3+1,1)) | F11: =-SUMIFS('Movimenti'!$D$2:$D$500,'Movimenti'!$C$2:$C$500,$A11,'Movimenti'!$A$2:$A$500,">="&DATE($B$2,4,1),'Movimenti'!$A$2:$A$500,"<"&DATE($B$2,4+1,1)) | G11: =-SUMIFS('Movimenti'!$D$2:$D$500,'Movimenti'!$C$2:$C$500,$A11,'Movimenti'!$A$2:$A$500,">="&DATE($B$2,5,1),'Movimenti'!$A$2:$A$500,"<"&DATE($B$2,5+1,1)) | H11: =-SUMIFS('Movimenti'!$D$2:$D$500,'Movimenti'!$C$2:$C$500,$A11,'Movimenti'!$A$2:$A$500,">="&DATE($B$2,6,1),'Movimenti'!$A$2:$A$500,"<"&DATE($B$2,6+1,1)) | I11: =-SUMIFS('Movimenti'!$D$2:$D$500,'Movimenti'!$C$2:$C$500,$A11,'Movimenti'!$A$2:$A$500,">="&DATE($B$2,7,1),'Movimenti'!$A$2:$A$500,"<"&DATE($B$2,7+1,1)) | J11: =-SUMIFS('Movimenti'!$D$2:$D$500,'Movimenti'!$C$2:$C$500,$A11,'Movimenti'!$A$2:$A$500,">="&DATE($B$2,8,1),'Movimenti'!$A$2:$A$500,"<"&DATE($B$2,8+1,1)) | K11: =-SUMIFS('Movimenti'!$D$2:$D$500,'Movimenti'!$C$2:$C$500,$A11,'Movimenti'!$A$2:$A$500,">="&DATE($B$2,9,1),'Movimenti'!$A$2:$A$500,"<"&DATE($B$2,9+1,1)) | L11: =-SUMIFS('Movimenti'!$D$2:$D$500,'Movimenti'!$C$2:$C$500,$A11,'Movimenti'!$A$2:$A$500,">="&DATE($B$2,10,1),'Movimenti'!$A$2:$A$500,"<"&DATE($B$2,10+1,1)) | M11: =-SUMIFS('Movimenti'!$D$2:$D$500,'Movimenti'!$C$2:$C$500,$A11,'Movimenti'!$A$2:$A$500,">="&DATE($B$2,11,1),'Movimenti'!$A$2:$A$500,"<"&DATE($B$2,11+1,1)) | N11: =-SUMIFS('Movimenti'!$D$2:$D$500,'Movimenti'!$C$2:$C$500,$A11,'Movimenti'!$A$2:$A$500,">="&DATE($B$2,12,1),'Movimenti'!$A$2:$A$500,"<"&DATE($B$2,12+1,1)) | O11: =SUM(C11:N11) | P11: =B11*$B$3 | Q11: =P11-O11
A12: Alimentari | B12: 200 | C12: =-SUMIFS('Movimenti'!$D$2:$D$500,'Movimenti'!$C$2:$C$500,$A12,'Movimenti'!$A$2:$A$500,">="&DATE($B$2,1,1),'Movimenti'!$A$2:$A$500,"<"&DATE($B$2,1+1,1)) | D12: =-SUMIFS('Movimenti'!$D$2:$D$500,'Movimenti'!$C$2:$C$500,$A12,'Movimenti'!$A$2:$A$500,">="&DATE($B$2,2,1),'Movimenti'!$A$2:$A$500,"<"&DATE($B$2,2+1,1)) | E12: =-SUMIFS('Movimenti'!$D$2:$D$500,'Movimenti'!$C$2:$C$500,$A12,'Movimenti'!$A$2:$A$500,">="&DATE($B$2,3,1),'Movimenti'!$A$2:$A$500,"<"&DATE($B$2,3+1,1)) | F12: =-SUMIFS('Movimenti'!$D$2:$D$500,'Movimenti'!$C$2:$C$500,$A12,'Movimenti'!$A$2:$A$500,">="&DATE($B$2,4,1),'Movimenti'!$A$2:$A$500,"<"&DATE($B$2,4+1,1)) | G12: =-SUMIFS('Movimenti'!$D$2:$D$500,'Movimenti'!$C$2:$C$500,$A12,'Movimenti'!$A$2:$A$500,">="&DATE($B$2,5,1),'Movimenti'!$A$2:$A$500,"<"&DATE($B$2,5+1,1)) | H12: =-SUMIFS('Movimenti'!$D$2:$D$500,'Movimenti'!$C$2:$C$500,$A12,'Movimenti'!$A$2:$A$500,">="&DATE($B$2,6,1),'Movimenti'!$A$2:$A$500,"<"&DATE($B$2,6+1,1)) | I12: =-SUMIFS('Movimenti'!$D$2:$D$500,'Movimenti'!$C$2:$C$500,$A12,'Movimenti'!$A$2:$A$500,">="&DATE($B$2,7,1),'Movimenti'!$A$2:$A$500,"<"&DATE($B$2,7+1,1)) | J12: =-SUMIFS('Movimenti'!$D$2:$D$500,'Movimenti'!$C$2:$C$500,$A12,'Movimenti'!$A$2:$A$500,">="&DATE($B$2,8,1),'Movimenti'!$A$2:$A$500,"<"&DATE($B$2,8+1,1)) | K12: =-SUMIFS('Movimenti'!$D$2:$D$500,'Movimenti'!$C$2:$C$500,$A12,'Movimenti'!$A$2:$A$500,">="&DATE($B$2,9,1),'Movimenti'!$A$2:$A$500,"<"&DATE($B$2,9+1,1)) | L12: =-SUMIFS('Movimenti'!$D$2:$D$500,'Movimenti'!$C$2:$C$500,$A12,'Movimenti'!$A$2:$A$500,">="&DATE($B$2,10,1),'Movimenti'!$A$2:$A$500,"<"&DATE($B$2,10+1,1)) | M12: =-SUMIFS('Movimenti'!$D$2:$D$500,'Movimenti'!$C$2:$C$500,$A12,'Movimenti'!$A$2:$A$500,">="&DATE($B$2,11,1),'Movimenti'!$A$2:$A$500,"<"&DATE($B$2,11+1,1)) | N12: =-SUMIFS('Movimenti'!$D$2:$D$500,'Movimenti'!$C$2:$C$500,$A12,'Movimenti'!$A$2:$A$500,">="&DATE($B$2,12,1),'Movimenti'!$A$2:$A$500,"<"&DATE($B$2,12+1,1)) | O12: =SUM(C12:N12) | P12: =B12*$B$3 | Q12: =P12-O12
A13: Trasporti | B13: 200 | C13: =-SUMIFS('Movimenti'!$D$2:$D$500,'Movimenti'!$C$2:$C$500,$A13,'Movimenti'!$A$2:$A$500,">="&DATE($B$2,1,1),'Movimenti'!$A$2:$A$500,"<"&DATE($B$2,1+1,1)) | D13: =-SUMIFS('Movimenti'!$D$2:$D$500,'Movimenti'!$C$2:$C$500,$A13,'Movimenti'!$A$2:$A$500,">="&DATE($B$2,2,1),'Movimenti'!$A$2:$A$500,"<"&DATE($B$2,2+1,1)) | E13: =-SUMIFS('Movimenti'!$D$2:$D$500,'Movimenti'!$C$2:$C$500,$A13,'Movimenti'!$A$2:$A$500,">="&DATE($B$2,3,1),'Movimenti'!$A$2:$A$500,"<"&DATE($B$2,3+1,1)) | F13: =-SUMIFS('Movimenti'!$D$2:$D$500,'Movimenti'!$C$2:$C$500,$A13,'Movimenti'!$A$2:$A$500,">="&DATE($B$2,4,1),'Movimenti'!$A$2:$A$500,"<"&DATE($B$2,4+1,1)) | G13: =-SUMIFS('Movimenti'!$D$2:$D$500,'Movimenti'!$C$2:$C$500,$A13,'Movimenti'!$A$2:$A$500,">="&DATE($B$2,5,1),'Movimenti'!$A$2:$A$500,"<"&DATE($B$2,5+1,1)) | H13: =-SUMIFS('Movimenti'!$D$2:$D$500,'Movimenti'!$C$2:$C$500,$A13,'Movimenti'!$A$2:$A$500,">="&DATE($B$2,6,1),'Movimenti'!$A$2:$A$500,"<"&DATE($B$2,6+1,1)) | I13: =-SUMIFS('Movimenti'!$D$2:$D$500,'Movimenti'!$C$2:$C$500,$A13,'Movimenti'!$A$2:$A$500,">="&DATE($B$2,7,1),'Movimenti'!$A$2:$A$500,"<"&DATE($B$2,7+1,1)) | J13: =-SUMIFS('Movimenti'!$D$2:$D$500,'Movimenti'!$C$2:$C$500,$A13,'Movimenti'!$A$2:$A$500,">="&DATE($B$2,8,1),'Movimenti'!$A$2:$A$500,"<"&DATE($B$2,8+1,1)) | K13: =-SUMIFS('Movimenti'!$D$2:$D$500,'Movimenti'!$C$2:$C$500,$A13,'Movimenti'!$A$2:$A$500,">="&DATE($B$2,9,1),'Movimenti'!$A$2:$A$500,"<"&DATE($B$2,9+1,1)) | L13: =-SUMIFS('Movimenti'!$D$2:$D$500,'Movimenti'!$C$2:$C$500,$A13,'Movimenti'!$A$2:$A$500,">="&DATE($B$2,10,1),'Movimenti'!$A$2:$A$500,"<"&DATE($B$2,10+1,1)) | M13: =-SUMIFS('Movimenti'!$D$2:$D$500,'Movimenti'!$C$2:$C$500,$A13,'Movimenti'!$A$2:$A$500,">="&DATE($B$2,11,1),'Movimenti'!$A$2:$A$500,"<"&DATE($B$2,11+1,1)) | N13: =-SUMIFS('Movimenti'!$D$2:$D$500,'Movimenti'!$C$2:$C$500,$A13,'Movimenti'!$A$2:$A$500,">="&DATE($B$2,12,1),'Movimenti'!$A$2:$A$500,"<"&DATE($B$2,12+1,1)) | O13: =SUM(C13:N13) | P13: =B13*$B$3 | Q13: =P13-O13
A14: Bollette & servizi | B14: 350 | C14: =-SUMIFS('Movimenti'!$D$2:$D$500,'Movimenti'!$C$2:$C$500,$A14,'Movimenti'!$A$2:$A$500,">="&DATE($B$2,1,1),'Movimenti'!$A$2:$A$500,"<"&DATE($B$2,1+1,1)) | D14: =-SUMIFS('Movimenti'!$D$2:$D$500,'Movimenti'!$C$2:$C$500,$A14,'Movimenti'!$A$2:$A$500,">="&DATE($B$2,2,1),'Movimenti'!$A$2:$A$500,"<"&DATE($B$2,2+1,1)) | E14: =-SUMIFS('Movimenti'!$D$2:$D$500,'Movimenti'!$C$2:$C$500,$A14,'Movimenti'!$A$2:$A$500,">="&DATE($B$2,3,1),'Movimenti'!$A$2:$A$500,"<"&DATE($B$2,3+1,1)) | F14: =-SUMIFS('Movimenti'!$D$2:$D$500,'Movimenti'!$C$2:$C$500,$A14,'Movimenti'!$A$2:$A$500,">="&DATE($B$2,4,1),'Movimenti'!$A$2:$A$500,"<"&DATE($B$2,4+1,1)) | G14: =-SUMIFS('Movimenti'!$D$2:$D$500,'Movimenti'!$C$2:$C$500,$A14,'Movimenti'!$A$2:$A$500,">="&DATE($B$2,5,1),'Movimenti'!$A$2:$A$500,"<"&DATE($B$2,5+1,1)) | H14: =-SUMIFS('Movimenti'!$D$2:$D$500,'Movimenti'!$C$2:$C$500,$A14,'Movimenti'!$A$2:$A$500,">="&DATE($B$2,6,1),'Movimenti'!$A$2:$A$500,"<"&DATE($B$2,6+1,1)) | I14: =-SUMIFS('Movimenti'!$D$2:$D$500,'Movimenti'!$C$2:$C$500,$A14,'Movimenti'!$A$2:$A$500,">="&DATE($B$2,7,1),'Movimenti'!$A$2:$A$500,"<"&DATE($B$2,7+1,1)) | J14: =-SUMIFS('Movimenti'!$D$2:$D$500,'Movimenti'!$C$2:$C$500,$A14,'Movimenti'!$A$2:$A$500,">="&DATE($B$2,8,1),'Movimenti'!$A$2:$A$500,"<"&DATE($B$2,8+1,1)) | K14: =-SUMIFS('Movimenti'!$D$2:$D$500,'Movimenti'!$C$2:$C$500,$A14,'Movimenti'!$A$2:$A$500,">="&DATE($B$2,9,1),'Movimenti'!$A$2:$A$500,"<"&DATE($B$2,9+1,1)) | L14: =-SUMIFS('Movimenti'!$D$2:$D$500,'Movimenti'!$C$2:$C$500,$A14,'Movimenti'!$A$2:$A$500,">="&DATE($B$2,10,1),'Movimenti'!$A$2:$A$500,"<"&DATE($B$2,10+1,1)) | M14: =-SUMIFS('Movimenti'!$D$2:$D$500,'Movimenti'!$C$2:$C$500,$A14,'Movimenti'!$A$2:$A$500,">="&DATE($B$2,11,1),'Movimenti'!$A$2:$A$500,"<"&DATE($B$2,11+1,1)) | N14: =-SUMIFS('Movimenti'!$D$2:$D$500,'Movimenti'!$C$2:$C$500,$A14,'Movimenti'!$A$2:$A$500,">="&DATE($B$2,12,1),'Movimenti'!$A$2:$A$500,"<"&DATE($B$2,12+1,1)) | O14: =SUM(C14:N14) | P14: =B14*$B$3 | Q14: =P14-O14
A15: Tempo libero | B15: 100 | C15: =-SUMIFS('Movimenti'!$D$2:$D$500,'Movimenti'!$C$2:$C$500,$A15,'Movimenti'!$A$2:$A$500,">="&DATE($B$2,1,1),'Movimenti'!$A$2:$A$500,"<"&DATE($B$2,1+1,1)) | D15: =-SUMIFS('Movimenti'!$D$2:$D$500,'Movimenti'!$C$2:$C$500,$A15,'Movimenti'!$A$2:$A$500,">="&DATE($B$2,2,1),'Movimenti'!$A$2:$A$500,"<"&DATE($B$2,2+1,1)) | E15: =-SUMIFS('Movimenti'!$D$2:$D$500,'Movimenti'!$C$2:$C$500,$A15,'Movimenti'!$A$2:$A$500,">="&DATE($B$2,3,1),'Movimenti'!$A$2:$A$500,"<"&DATE($B$2,3+1,1)) | F15: =-SUMIFS('Movimenti'!$D$2:$D$500,'Movimenti'!$C$2:$C$500,$A15,'Movimenti'!$A$2:$A$500,">="&DATE($B$2,4,1),'Movimenti'!$A$2:$A$500,"<"&DATE($B$2,4+1,1)) | G15: =-SUMIFS('Movimenti'!$D$2:$D$500,'Movimenti'!$C$2:$C$500,$A15,'Movimenti'!$A$2:$A$500,">="&DATE($B$2,5,1),'Movimenti'!$A$2:$A$500,"<"&DATE($B$2,5+1,1)) | H15: =-SUMIFS('Movimenti'!$D$2:$D$500,'Movimenti'!$C$2:$C$500,$A15,'Movimenti'!$A$2:$A$500,">="&DATE($B$2,6,1),'Movimenti'!$A$2:$A$500,"<"&DATE($B$2,6+1,1)) | I15: =-SUMIFS('Movimenti'!$D$2:$D$500,'Movimenti'!$C$2:$C$500,$A15,'Movimenti'!$A$2:$A$500,">="&DATE($B$2,7,1),'Movimenti'!$A$2:$A$500,"<"&DATE($B$2,7+1,1)) | J15: =-SUMIFS('Movimenti'!$D$2:$D$500,'Movimenti'!$C$2:$C$500,$A15,'Movimenti'!$A$2:$A$500,">="&DATE($B$2,8,1),'Movimenti'!$A$2:$A$500,"<"&DATE($B$2,8+1,1)) | K15: =-SUMIFS('Movimenti'!$D$2:$D$500,'Movimenti'!$C$2:$C$500,$A15,'Movimenti'!$A$2:$A$500,">="&DATE($B$2,9,1),'Movimenti'!$A$2:$A$500,"<"&DATE($B$2,9+1,1)) | L15: =-SUMIFS('Movimenti'!$D$2:$D$500,'Movimenti'!$C$2:$C$500,$A15,'Movimenti'!$A$2:$A$500,">="&DATE($B$2,10,1),'Movimenti'!$A$2:$A$500,"<"&DATE($B$2,10+1,1)) | M15: =-SUMIFS('Movimenti'!$D$2:$D$500,'Movimenti'!$C$2:$C$500,$A15,'Movimenti'!$A$2:$A$500,">="&DATE($B$2,11,1),'Movimenti'!$A$2:$A$500,"<"&DATE($B$2,11+1,1)) | N15: =-SUMIFS('Movimenti'!$D$2:$D$500,'Movimenti'!$C$2:$C$500,$A15,'Movimenti'!$A$2:$A$500,">="&DATE($B$2,12,1),'Movimenti'!$A$2:$A$500,"<"&DATE($B$2,12+1,1)) | O15: =SUM(C15:N15) | P15: =B15*$B$3 | Q15: =P15-O15
A17: Totale entrate | B17: =SUM(B8:B8) | C17: =SUM(C8:C8) | D17: =SUM(D8:D8) | E17: =SUM(E8:E8) | F17: =SUM(F8:F8) | G17: =SUM(G8:G8) | H17: =SUM(H8:H8) | I17: =SUM(I8:I8) | ... Q17: =SUM(Q8:Q8)
A18: Totale spese | B18: =SUM(B10:B15) | C18: =SUM(C10:C15) | D18: =SUM(D10:D15) | E18: =SUM(E10:E15) | F18: =SUM(F10:F15) | G18: =SUM(G10:G15) | H18: =SUM(H10:H15) | I18: =SUM(I10:I15) | ... Q18: =SUM(Q10:Q15)
A19: Risparmio | B19: =B17-B18 | C19: =C17-C18 | D19: =D17-D18 | E19: =E17-E18 | F19: =F17-F18 | G19: =G17-G18 | H19: =H17-H18 | I19: =I17-I18 | ... P19: =P17-P18 | Q19: =O19-P19

Sheet Movimenti
A1: Data | B1: Descrizione | C1: Categoria | D1: Importo
A2: 46023 | B2: Affitto | C2: Casa | D2: -1850
A3: 46023 | B3: Cassa malati | C3: Salute | D3: -420
A4: 46025 | B4: Spesa | C4: Alimentari | D4: -180.45
A5: 46027 | B5: Abbonamento trasporti | C5: Trasporti | D5: -185
A6: 46029 | B6: Telefono | C6: Bollette & servizi | D6: -29.9
A7: 46032 | B7: Ristorante | C7: Tempo libero | D7: -64
A8: 46037 | B8: Elettricità (trimestre) | C8: Bollette & servizi | D8: -210
A9: 46042 | B9: Dentista | C9: Salute | D9: -119
A10: 46047 | B10: Stipendio | C10: Stipendio | D10: 6200
A11: 46053 | B11: Assicurazioni | C11: Bollette & servizi | D11: -95

Sheet _lists
A1: Stipendio
A2: Casa
A3: Salute
A4: Alimentari
A5: Trasporti
A6: Bollette & servizi
A7: Tempo libero
